Workbook

Sheet Detailed Income & Expenditure
A1: 04/09/2026 | B1: Brundall Parish Council
A2: 11:20
B3: Detailed Income & Expenditure by Budget Heading 31/08/2026
B4: Cost Centre Report
D5: Actual Year | F5: Current | H5: Variance | J5: Committed | L5: Funds | N5: % Spent | P5: Transfer
D6: To Date | F6: Annual | H6: Annual | J6: Expenditure | L6: Available | P6: to/from EMR
A7: 400 | B7: Land Management General
A8: 1090 | B8: Grass - Delegated Function-Inc | D8: 4382 | F8: 4300 | H8: =F8-D8 -> -82 | N8: =D8/F8 -> 1.0190698
A9: 1900 | B9: Other Income | D9: 1219 | F9: 0 | H9: =F9-D9 -> -1219 | N9: =D9/F9 -> #DIV/0! | P9: 150
B11: Land Management General :- Income | D11: =SUM(D8:D10) -> 5601 | F11: =SUM(F8:F10) -> 4300 | H11: =SUM(H8:H10) -> -1301 | N11: =D11/F11 -> 1.3025581 | P11: =SUM(P8:P10) -> 150
A13: 4350 | B13: Projects | D13: 0 | F13: 100 | H13: =F13-D13 -> 100 | L13: 100 | N13: =D13/F13 -> 0
A14: 4500 | B14: Repairs & Maintenance | D14: 567 | F14: 2000 | H14: =F14-D14 -> 1433 | L14: 1433 | N14: =D14/F14 -> 0.2835
A15: 4510 | B15: Provision | D15: 161 | F15: 250 | H15: =F15-D15 -> 89 | L15: 89 | N15: =D15/F15 -> 0.644
A16: 4520 | B16: Grass Cutting | D16: 211 | F16: 510 | H16: =F16-D16 -> 299 | L16: 299 | N16: =D16/F16 -> 0.41372549
A17: 4521 | B17: Grass - Delegated Function-Exp | D17: 1692 | F17: 4075 | H17: =F17-D17 -> 2383 | L17: 2383 | N17: =D17/F17 -> 0.41521472
A18: 4540 | B18: Tree Management | D18: 1365 | F18: 1000 | H18: =F18-D18 -> -365 | L18: (365) | N18: =D18/F18 -> 1.365
A19: 4550 | B19: Play Equipment (Repairs) | D19: 0 | F19: 1000 | H19: =F19-D19 -> 1000 | L19: 1000 | N19: =D19/F19 -> 0
A20: 4552 | B20: Play Equipment inspections | D20: 0 | F20: 200 | H20: =F20-D20 -> 200 | L20: 200 | N20: =D20/F20 -> 0
B22: Land Management General :- Indirect Expenditure | D22: =SUM(D13:D21) -> 3996 | F22: =SUM(F13:F21) -> 9135 | H22: =SUM(H13:H21) -> 5139 | J22: 0 | L22: 5140 | N22: =D22/F22 -> 0.43743842 | P22: 0
B23: Net Income over Expenditure | D23: =D11-D22 -> 1605 | F23: =F11-F22 -> -4835 | H23: =H11-H22 -> -6440
A25: 6001 | B25: less Transfer to EMR | D25: =P11 -> 150 | F25: 0 | H25: =F25-D25 -> -150
B26: Movement to/(from) Gen Reserve | D26: =D23-D25 -> 1455 | F26: =F23-F25 -> -4835 | H26: =H23-H25 -> -6290
A28: 410 | B28: Cemetery
A29: 1500 | B29: Cemetery Income | D29: 7568 | F29: 3000 | H29: =F29-D29 -> -4568 | N29: =D29/F29 -> 2.5226667 | P29: 7568
B31: Cemetery :- Income | D31: =SUM(D29:D30) -> 7568 | F31: =SUM(F29:F30) -> 3000 | H31: =SUM(H29:H30) -> -4568 | N31: =D31/F31 -> 2.5226667 | P31: =SUM(P29:P30) -> 7568
A33: 4500 | B33: Repairs & Maintenance | D33: 0 | F33: 1500 | H33: =F33-D33 -> 1500 | L33: 1500 | N33: =D33/F33 -> 0
A34: 4520 | B34: Grass Cutting | D34: 1178 | F34: 2840 | H34: =F34-D34 -> 1662 | L34: 1662 | N34: =D34/F34 -> 0.41478873
A35: 4530 | B35: Water | D35: 51 | F35: 90 | H35: =F35-D35 -> 39 | L35: 39 | N35: =D35/F35 -> 0.56666667 | P35: 51
A36: 4540 | B36: Tree Management | D36: 138 | F36: 750 | H36: =F36-D36 -> 612 | L36: 613 | N36: =D36/F36 -> 0.184 | P36: 138
B38: Cemetery :- Indirect Expenditure | D38: =SUM(D33:D37) -> 1367 | F38: =SUM(F33:F37) -> 5180 | H38: =SUM(H33:H37) -> 3813 | J38: 0 | L38: 3814 | N38: =D38/F38 -> 0.26389961 | P38: =SUM(P33:P37) -> 189
B39: Net Income over Expenditure | D39: =D31-D38 -> 6201 | F39: =F31-F38 -> -2180 | H39: =H31-H38 -> -8381
A41: 6000 | B41: plus Transfer from EMR | D41: =P38 -> 189 | F41: 0 | H41: =F41-D41 -> -189
A42: 6001 | B42: less Transfer to EMR | D42: =P31 -> 7568 | F42: 0 | H42: =F42-D42 -> -7568
B43: Movement to/(from) Gen Reserve | D43: =D39+D41-D42 -> -1178 | F43: =F39+F41-F42 -> -2180 | H43: =H39+H41-H42 -> -1002
A45: 420 | B45: Allotments
A46: 1400 | B46: Allotment Rents | D46: 65 | F46: 2400 | H46: =F46-D46 -> 2335 | N46: =D46/F46 -> 0.027083333 | P46: 65
B48: Allotments :- Income | D48: =SUM(D46:D47) -> 65 | F48: =SUM(F46:F47) -> 2400 | H48: =SUM(H46:H47) -> 2335 | N48: =D48/F48 -> 0.027083333 | P48: =SUM(P46:P47) -> 65
A50: 4280 | B50: Rent | D50: 394 | F50: 800 | H50: =F50-D50 -> 406 | L50: 406 | N50: =D50/F50 -> 0.4925 | P50: 394
A51: 4500 | B51: Repairs & Maintenance | D51: 0 | F51: 1000 | H51: =F51-D51 -> 1000 | L51: 1000 | N51: =D51/F51 -> 0
A52: 4530 | B52: Water | D52: 661 | F52: 1260 | H52: =F52-D52 -> 599 | L52: 599 | N52: =D52/F52 -> 0.52460317 | P52: 661
A53: 4540 | B53: Tree Management | D53: 488 | F53: 0 | H53: =F53-D53 -> -488 | L53: (488) | N53: =D53/F53 -> #DIV/0!
B55: Allotments :- Indirect Expenditure | D55: =SUM(D50:D54) -> 1543 | F55: =SUM(F50:F54) -> 3060 | H55: =SUM(H50:H54) -> 1517 | J55: 0 | L55: 3814 | N55: =D55/F55 -> 0.50424837 | P55: =SUM(P50:P54) -> 1055
B56: Net Income over Expenditure | D56: =D48-D55 -> -1478 | F56: =F48-F55 -> -660 | H56: =H48-H55 -> 818
A58: 6000 | B58: plus Transfer from EMR | D58: =P55 -> 1055 | F58: 0 | H58: =F58-D58 -> -1055
A59: 6001 | B59: less Transfer to EMR | D59: =P48 -> 65 | F59: 0 | H59: =F59-D59 -> -65
B60: Movement to/(from) Gen Reserve | D60: =D56+D58-D59 -> -488 | F60: =F56+F58-F59 -> -660 | H60: =H56+H58-H59 -> -172
A62: 430 | B62: Countryside Park
A63: 1350 | B63: Grants Received | D63: 310 | F63: 0 | H63: =F63-D63 -> -310 | N63: =D63/F63 -> #DIV/0!
B65: Countryside Park :- Income | D65: =SUM(D63:D64) -> 310 | F65: =SUM(F63:F64) -> 0 | H65: =SUM(H63:H64) -> -310 | N65: =D65/F65 -> #DIV/0! | P65: =SUM(P63:P64) -> 0
A67: 4280 | B67: Rent | D67: 551 | F67: 1200 | H67: =F67-D67 -> 649 | L67: 649 | N67: =D67/F67 -> 0.45916667
A68: 4350 | B68: Projects | D68: 1050 | F68: 0 | H68: =F68-D68 -> -1050 | L68: (1,050) | N68: =D68/F68 -> #DIV/0! | P68: 1050
A69: 4500 | B69: Repairs & Maintenance | D69: 6688 | F69: 1500 | H69: =F69-D69 -> -5188 | L69: (5,188) | N69: =D69/F69 -> 4.4586667 | P69: 6688
A70: 4510 | B70: Provision | D70: 0 | F70: 100 | H70: =F70-D70 -> 100 | L70: 100 | N70: =D70/F70 -> 0
A71: 4520 | B71: Grass Cutting | D71: 550 | F71: 1325 | H71: =F71-D71 -> 775 | L71: 775 | N71: =D71/F71 -> 0.41509434
A72: 4540 | B72: Tree Management | D72: 138 | F72: 500 | H72: =F72-D72 -> 362 | L72: 363 | N72: =D72/F72 -> 0.276
B74: Countryside Park :- Indirect Expenditure | D74: =SUM(D67:D73) -> 8977 | F74: =SUM(F67:F73) -> 4625 | H74: =SUM(H67:H73) -> -4352 | J74: 0 | L74: (4,352) | N74: =D74/F74 -> 1.940973 | P74: =SUM(P67:P73) -> 7738
B75: Net Income over Expenditure | D75: =D74-D65 -> 8667 | F75: =F74-F65 -> 4625 | H75: =F75-D75 -> -4042
A77: 6000 | B77: plus Transfer from EMR | D77: =P74 -> 7738 | F77: 0 | H77: =F77-D77 -> -7738
B78: Movement to/(from) Gen Reserve | D78: =D77-D75 -> -929 | F78: =F77-F75 -> -4625 | H78: =H77-H75 -> -3696
A80: 440 | B80: Cremer's Meadow
A81: 4500 | B81: Repairs & Maintenance | D81: 412 | F81: 2000 | H81: =F81-D81 -> 1588 | L81: 1588 | N81: =D81/F81 -> 0.206
A82: 4520 | B82: Grass Cutting | D82: 326 | F82: 785 | H82: =F82-D82 -> 459 | L82: 459 | N82: =D82/F82 -> 0.41528662
A83: 4530 | B83: Water | D83: 26 | F83: 30 | H83: =F83-D83 -> 4 | L83: 4 | N83: =D83/F83 -> 0.86666667
A84: 4540 | B84: Tree Management | D84: 335 | F84: 2000 | H84: =F84-D84 -> 1665 | L84: 1665 | N84: =D84/F84 -> 0.1675
B86: Cremer's Meadow :- Indirect Expenditure | D86: =SUM(D81:D85) -> 1099 | F86: =SUM(F81:F85) -> 4815 | H86: =SUM(H81:H85) -> 3716 | J86: 0 | L86: 3814 | N86: =D86/F86 -> 0.22824507 | P86: =SUM(P81:P85) -> 0
B87: Net Expenditure | D87: =D79-D86 -> -1099 | F87: =F79-F86 -> -4815 | H87: =H79-H86 -> -3716
A89: 450 | B89: Church Fen
A90: 4500 | B90: Repairs & Maintenance | D90: 3356 | F90: 1000 | H90: =F90-D90 -> -2356 | L90: (2,356) | N90: =D90/F90 -> 3.356 | P90: 3141
A91: 4540 | B91: Tree Management | D91: 138 | F91: 2000 | H91: =F91-D91 -> 1862 | L91: 1863 | N91: =D91/F91 -> 0.069
B93: Church Fen :- Indirect Expenditure | D93: =SUM(D90:D92) -> 3494 | F93: =SUM(F90:F92) -> 3000 | H93: =SUM(H90:H92) -> -494 | J93: 0 | L93: (493) | N93: =D93/F93 -> 1.1646667 | P93: =SUM(P90:P92) -> 3141
B94: Net Expenditure | D94: =-D93 -> -3494 | F94: =-F93 -> -3000 | H94: =-H93 -> 494
A96: 6000 | B96: plus Transfer from EMR | D96: =P93 -> 3141 | F96: 0 | H96: =F96-D96 -> -3141
B97: Movement to/(from) Gen Reserve | D97: =D96-D93 -> -353 | F97: =F96-F93 -> -3000 | H97: =F97-D97 -> -2647
A99: 460 | B99: Memorial Hall
A100: 4520 | B100: Grass Cutting | D100: 593 | F100: 0 | H100: =F100-D100 -> -593 | L100: (593) | N100: =D100/F100 -> #DIV/0!
B102: Memorial Hall :- Indirect Expenditure | D102: =SUM(D100:D101) -> 593 | F102: =SUM(F100:F101) -> 0 | H102: =SUM(H100:H101) -> -593 | J102: 0 | L102: (593) | P102: =SUM(P100:P101) -> 0
B103: Net Expenditure | D103: =-D102 -> -593 | F103: =-F102 -> 0 | H103: =-H102 -> 593
A105: 470 | B105: Meadow View Play Area
A106: 4520 | B106: Grass Cutting | D106: 247 | F106: 600 | H106: =F106-D106 -> 353 | L106: 353 | N106: =D106/F106 -> 0.41166667
B108: Meadow View Play Area :- Indirect Expenditure | D108: =SUM(D106:D107) -> 247 | F108: =SUM(F106:F107) -> 600 | H108: =SUM(H106:H107) -> 353 | J108: 0 | L108: 353 | N108: =D108/F108 -> 0.41166667 | P108: =SUM(P106:P107) -> 0
B109: Net Expenditure | D109: =-D108 -> -247 | F109: =-F108 -> -600 | H109: =-H108 -> -353
B111: Grand Totals:- Income | D111: =D11+D31+D48+D65 -> 13544 | F111: =F11+F31+F48+F65 -> 9700 | H111: =F111-D111 -> -3844 | N111: =D111/F111 -> 1.3962887
B113: Expenditure | D113: =D22+D38+D55+D74+D86+D93+D102+D108 -> 21316 | F113: 30415 | H113: =F113-D113 -> 9099 | J113: 0 | L113: 9102 | N113: =D113/F113 -> 0.7008384
B115: Net Income over Expenditure | D115: =D111-D113 -> -7772 | F115: =F111-F113 -> -20715 | H115: =F115-D115 -> -12943
B116: plus Transfer from EMR | D116: =P38+P55+P74+P93 -> 12123 | F116: 0 | H116: =F116-D116 -> -12123
B117: less Transfer to EMR | D117: =P11+P31+P48 -> 7783 | F117: 0 | H117: =F117-D117 -> -7783
B118: Movement to/(from) Gen Reserve | D118: =D115+D116-D117 -> -3432 | F118: =F115+F116-F117 -> -20715 | H118: =F118-D118 -> -17283

Sheet EMR adj
A1: 04/09/2026 | B1: Brundall Parish Council
A2: 11:20
B3: Detailed Income & Expenditure by Budget Heading 31/08/2026
B4: Cost Centre Report
D5: Actual Year | F5: Current | H5: Variance | J5: Committed | L5: Funds | N5: % Spent | P5: Transfer | R5: Notes
D6: To Date | F6: Annual | H6: Annual | J6: Expenditure | L6: Available | P6: to/from EMR
A7: 400 | B7: Land Management General
A8: 1090 | B8: Grass - Delegated Function-Inc | D8: 4382 | F8: 4300 | H8: =F8-D8 -> -82 | N8: =D8/F8 -> 1.0190698
A9: 1900 | B9: Other Income | D9: =1219-P9 -> 1069 | F9: 0 | H9: =F9-D9 -> -1069 | N9: =D9/F9 -> #DIV/0! | P9: 150
B11: Land Management General :- Income | D11: =SUM(D8:D10) -> 5451 | F11: =SUM(F8:F10) -> 4300 | H11: =SUM(H8:H10) -> -1151 | N11: =D11/F11 -> 1.2676744 | P11: =SUM(P8:P10) -> 150
A13: 4350 | B13: Projects | D13: 0 | F13: 100 | H13: =F13-D13 -> 100 | L13: 100 | N13: =D13/F13 -> 0
A14: 4500 | B14: Repairs & Maintenance | D14: 567 | F14: 2000 | H14: =F14-D14 -> 1433 | L14: 1433 | N14: =D14/F14 -> 0.2835
A15: 4510 | B15: Provision | D15: 161 | F15: 250 | H15: =F15-D15 -> 89 | L15: 89 | N15: =D15/F15 -> 0.644
A16: 4520 | B16: Grass Cutting | D16: 211 | F16: 510 | H16: =F16-D16 -> 299 | L16: 299 | N16: =D16/F16 -> 0.41372549
A17: 4521 | B17: Grass - Delegated Function-Exp | D17: 1692 | F17: 4075 | H17: =F17-D17 -> 2383 | L17: 2383 | N17: =D17/F17 -> 0.41521472
A18: 4540 | B18: Tree Management | D18: 1365 | F18: 1000 | H18: =F18-D18 -> -365 | L18: (365) | N18: =D18/F18 -> 1.365 | R18: includes Church Lane Lime tree
A19: 4550 | B19: Play Equipment (Repairs) | D19: 0 | F19: 1000 | H19: =F19-D19 -> 1000 | L19: 1000 | N19: =D19/F19 -> 0
A20: 4552 | B20: Play Equipment inspections | D20: 0 | F20: 200 | H20: =F20-D20 -> 200 | L20: 200 | N20: =D20/F20 -> 0
B22: Land Management General :- Indirect Expenditure | D22: =SUM(D13:D21) -> 3996 | F22: =SUM(F13:F21) -> 9135 | H22: =SUM(H13:H21) -> 5139 | J22: 0 | L22: 5140 | N22: =D22/F22 -> 0.43743842 | P22: 0
B23: Net Income over Expenditure | D23: =D11-D22 -> 1455 | F23: =F11-F22 -> -4835 | H23: =H11-H22 -> -6290
A25: 6001 | B25: less Transfer to EMR | D25: =P11 -> 150 | F25: 0 | H25: =F25-D25 -> -150
B26: Movement to/(from) Gen Reserve | D26: =D23-D25 -> 1305 | F26: =F23-F25 -> -4835 | H26: =H23-H25 -> -6140
A28: 410 | B28: Cemetery
A29: 1500 | B29: Cemetery Income | D29: =7568-P29 -> 0 | F29: 3000 | H29: =F29-D29 -> 3000 | N29: =D29/F29 -> 0 | P29: 7568
B31: Cemetery :- Income | D31: =SUM(D29:D30) -> 0 | F31: =SUM(F29:F30) -> 3000 | H31: =SUM(H29:H30) -> 3000 | N31: =D31/F31 -> 0 | P31: =SUM(P29:P30) -> 7568
A33: 4500 | B33: Repairs & Maintenance | D33: 0 | F33: 1500 | H33: =F33-D33 -> 1500 | L33: 1500 | N33: =D33/F33 -> 0
A34: 4520 | B34: Grass Cutting | D34: 1178 | F34: 2840 | H34: =F34-D34 -> 1662 | L34: 1662 | N34: =D34/F34 -> 0.41478873
A35: 4530 | B35: Water | D35: =51-P35 -> 0 | F35: 90 | H35: =F35-D35 -> 90 | L35: 39 | N35: =D35/F35 -> 0 | P35: 51
A36: 4540 | B36: Tree Management | D36: =138-P36 -> 0 | F36: 750 | H36: =F36-D36 -> 750 | L36: 613 | N36: =D36/F36 -> 0 | P36: 138
B38: Cemetery :- Indirect Expenditure | D38: =SUM(D33:D37) -> 1178 | F38: =SUM(F33:F37) -> 5180 | H38: =SUM(H33:H37) -> 4002 | J38: 0 | L38: 3814 | N38: =D38/F38 -> 0.22741313 | P38: =SUM(P33:P37) -> 189
B39: Net Income over Expenditure | D39: =D31-D38 -> -1178 | F39: =F31-F38 -> -2180 | H39: =H31-H38 -> -1002
A41: 6000 | B41: plus Transfer from EMR | D41: =P38 -> 189 | F41: 0 | H41: =F41-D41 -> -189
A42: 6001 | B42: less Transfer to EMR | D42: =P31 -> 7568 | F42: 0 | H42: =F42-D42 -> -7568
B43: Movement to/(from) Gen Reserve | D43: =D39+D41-D42 -> -8557 | F43: =F39+F41-F42 -> -2180 | H43: =H39+H41-H42 -> 6377
A45: 420 | B45: Allotments
A46: 1400 | B46: Allotment Rents | D46: =65-P46 -> 0 | F46: 2400 | H46: =F46-D46 -> 2400 | N46: =D46/F46 -> 0 | P46: 65
B48: Allotments :- Income | D48: =SUM(D46:D47) -> 0 | F48: =SUM(F46:F47) -> 2400 | H48: =SUM(H46:H47) -> 2400 | N48: =D48/F48 -> 0 | P48: =SUM(P46:P47) -> 65
A50: 4280 | B50: Rent | D50: =394-P50 -> 0 | F50: 800 | H50: =F50-D50 -> 800 | L50: 406 | N50: =D50/F50 -> 0 | P50: 394
A51: 4500 | B51: Repairs & Maintenance | D51: 0 | F51: 1000 | H51: =F51-D51 -> 1000 | L51: 1000 | N51: =D51/F51 -> 0
A52: 4530 | B52: Water | D52: =661-P52 -> 0 | F52: 1260 | H52: =F52-D52 -> 1260 | L52: 599 | N52: =D52/F52 -> 0 | P52: 661
A53: 4540 | B53: Tree Management | D53: 488 | F53: 0 | H53: =F53-D53 -> -488 | L53: (488) | N53: =D53/F53 -> #DIV/0!
B55: Allotments :- Indirect Expenditure | D55: =SUM(D50:D54) -> 488 | F55: =SUM(F50:F54) -> 3060 | H55: =SUM(H50:H54) -> 2572 | J55: 0 | L55: 3814 | N55: =D55/F55 -> 0.15947712 | P55: =SUM(P50:P54) -> 1055
B56: Net Income over Expenditure | D56: =D48-D55 -> -488 | F56: =F48-F55 -> -660 | H56: =H48-H55 -> -172
A58: 6000 | B58: plus Transfer from EMR | D58: =P55 -> 1055 | F58: 0 | H58: =F58-D58 -> -1055
A59: 6001 | B59: less Transfer to EMR | D59: =P48 -> 65 | F59: 0 | H59: =F59-D59 -> -65
B60: Movement to/(from) Gen Reserve | D60: =D56+D58-D59 -> 502 | F60: =F56+F58-F59 -> -660 | H60: =H56+H58-H59 -> -1162
A62: 430 | B62: Countryside Park
A63: 1350 | B63: Grants Received | D63: 310 | F63: 0 | H63: =F63-D63 -> -310 | N63: =D63/F63 -> #DIV/0! | R63: Forrestry Commission grant
B65: Countryside Park :- Income | D65: =SUM(D63:D64) -> 310 | F65: =SUM(F63:F64) -> 0 | H65: =SUM(H63:H64) -> -310 | N65: =D65/F65 -> #DIV/0! | P65: =SUM(P63:P64) -> 0
A67: 4280 | B67: Rent | D67: 551 | F67: 1200 | H67: =F67-D67 -> 649 | L67: 649 | N67: =D67/F67 -> 0.45916667
A68: 4350 | B68: Projects | D68: =1050-P68 -> 0 | F68: 0 | H68: =F68-D68 -> 0 | L68: (1,050) | N68: =D68/F68 -> #DIV/0! | P68: 1050 | R68: pond
A69: 4500 | B69: Repairs & Maintenance | D69: =6688-P69 -> 0 | F69: 1500 | H69: =F69-D69 -> 1500 | L69: (5,188) | N69: =D69/F69 -> 0 | P69: 6688 | R69: car park resurfacing
A70: 4510 | B70: Provision | D70: 0 | F70: 100 | H70: =F70-D70 -> 100 | L70: 100 | N70: =D70/F70 -> 0
A71: 4520 | B71: Grass Cutting | D71: 550 | F71: 1325 | H71: =F71-D71 -> 775 | L71: 775 | N71: =D71/F71 -> 0.41509434
A72: 4540 | B72: Tree Management | D72: 138 | F72: 500 | H72: =F72-D72 -> 362 | L72: 363 | N72: =D72/F72 -> 0.276
B74: Countryside Park :- Indirect Expenditure | D74: =SUM(D67:D73) -> 1239 | F74: =SUM(F67:F73) -> 4625 | H74: =SUM(H67:H73) -> 3386 | J74: 0 | L74: (4,352) | N74: =D74/F74 -> 0.26789189 | P74: =SUM(P67:P73) -> 7738
B75: Net Income over Expenditure | D75: =D74-D65 -> 929 | F75: =F74-F65 -> 4625 | H75: =F75-D75 -> 3696
A77: 6000 | B77: plus Transfer from EMR | D77: =P74 -> 7738 | F77: 0 | H77: =F77-D77 -> -7738
B78: Movement to/(from) Gen Reserve | D78: =D77-D75 -> 6809 | F78: =F77-F75 -> -4625 | H78: =H77-H75 -> -11434
A80: 440 | B80: Cremer's Meadow
A81: 4500 | B81: Repairs & Maintenance | D81: 412 | F81: 2000 | H81: =F81-D81 -> 1588 | L81: 1588 | N81: =D81/F81 -> 0.206
A82: 4520 | B82: Grass Cutting | D82: 326 | F82: 785 | H82: =F82-D82 -> 459 | L82: 459 | N82: =D82/F82 -> 0.41528662
A83: 4530 | B83: Water | D83: 26 | F83: 30 | H83: =F83-D83 -> 4 | L83: 4 | N83: =D83/F83 -> 0.86666667
A84: 4540 | B84: Tree Management | D84: 335 | F84: 2000 | H84: =F84-D84 -> 1665 | L84: 1665 | N84: =D84/F84 -> 0.1675
B86: Cremer's Meadow :- Indirect Expenditure | D86: =SUM(D81:D85) -> 1099 | F86: =SUM(F81:F85) -> 4815 | H86: =SUM(H81:H85) -> 3716 | J86: 0 | L86: 3814 | N86: =D86/F86 -> 0.22824507 | P86: =SUM(P81:P85) -> 0
B87: Net Expenditure | D87: =D79-D86 -> -1099 | F87: =F79-F86 -> -4815 | H87: =H79-H86 -> -3716
A89: 450 | B89: Church Fen
A90: 4500 | B90: Repairs & Maintenance | D90: =3356-P90 -> 215 | F90: 1000 | H90: =F90-D90 -> 785 | L90: (2,356) | N90: =D90/F90 -> 0.215 | P90: 3141 | R90: boardwalk repairs
A91: 4540 | B91: Tree Management | D91: 138 | F91: 2000 | H91: =F91-D91 -> 1862 | L91: 1863 | N91: =D91/F91 -> 0.069
B93: Church Fen :- Indirect Expenditure | D93: =SUM(D90:D92) -> 353 | F93: =SUM(F90:F92) -> 3000 | H93: =SUM(H90:H92) -> 2647 | J93: 0 | L93: (493) | N93: =D93/F93 -> 0.11766667 | P93: =SUM(P90:P92) -> 3141
B94: Net Expenditure | D94: =-D93 -> -353 | F94: =-F93 -> -3000 | H94: =-H93 -> -2647
A96: 6000 | B96: plus Transfer from EMR | D96: =P93 -> 3141 | F96: 0 | H96: =F96-D96 -> -3141
B97: Movement to/(from) Gen Reserve | D97: =D96-D93 -> 2788 | F97: =F96-F93 -> -3000 | H97: =F97-D97 -> -5788
A99: 460 | B99: Memorial Hall
A100: 4520 | B100: Grass Cutting | D100: 593 | F100: 0 | H100: =F100-D100 -> -593 | L100: (593) | N100: =D100/F100 -> #DIV/0!
B102: Memorial Hall :- Indirect Expenditure | D102: =SUM(D100:D101) -> 593 | F102: =SUM(F100:F101) -> 0 | H102: =SUM(H100:H101) -> -593 | J102: 0 | L102: (593) | P102: =SUM(P100:P101) -> 0
B103: Net Expenditure | D103: =-D102 -> -593 | F103: =-F102 -> 0 | H103: =-H102 -> 593
A105: 470 | B105: Meadow View Play Area
A106: 4520 | B106: Grass Cutting | D106: 247 | F106: 600 | H106: =F106-D106 -> 353 | L106: 353 | N106: =D106/F106 -> 0.41166667
B108: Meadow View Play Area :- Indirect Expenditure | D108: =SUM(D106:D107) -> 247 | F108: =SUM(F106:F107) -> 600 | H108: =SUM(H106:H107) -> 353 | J108: 0 | L108: 353 | N108: =D108/F108 -> 0.41166667 | P108: =SUM(P106:P107) -> 0
B109: Net Expenditure | D109: =-D108 -> -247 | F109: =-F108 -> -600 | H109: =-H108 -> -353
B111: Grand Totals:- Income | D111: =D11+D31+D48+D65 -> 5761 | F111: =F11+F32+F49+F65 -> 4300 | H111: =F111-D111 -> -1461 | N111: =D111/F111 -> 1.3397674
B113: Expenditure | D113: =D22+D38+D55+D74+D86+D93+D102+D108 -> 9193 | F113: 30415 | H113: =F113-D113 -> 21222 | J113: 0 | L113: 9102 | N113: =D113/F113 -> 0.30225218
B115: Net Income over Expenditure | D115: =D111-D113 -> -3432 | F115: =F111-F113 -> -26115 | H115: =F115-D115 -> -22683
B116: plus Transfer from EMR | D116: =P38+P55+P74+P93 -> 12123 | F116: 0 | H116: =F116-D116 -> -12123
B117: less Transfer to EMR | D117: =P11+P31+P48 -> 7783 | F117: 0 | H117: =F117-D117 -> -7783
B118: Movement to/(from) Gen Reserve | D118: =D115+D116-D117 -> 908 | F118: =F115+F116-F117 -> -26115 | H118: =F118-D118 -> -27023

Sheet Land Management
A1: Land Management Expenses | B1: 46265 | D1: Countryside Park
D2: rent | E2: 551.25
A3: MO supplies and padlocks | B3: 31.23 | D3: tree survey | E3: 137.5
A4: MO supplies | B4: 16.45
A5: MO litter picking cover | B5: 100
A6: shovel, stapler, staples | B6: 44.47
A7: MO workwear | B7: 95.8
A8: dog waste bin lid | B8: 42
A9: kestrel & owl boxes | B9: 125
A10: paper towels for toilet | B10: 22.55
A11: MO supplies | B11: 71.05
A12: carpenters pencils, hacksaw | B12: 18.31
A13: toilet supplies | B13: 47.3
A14: grit bin Nurseries Avenue | B14: 113.48 | D14: Total | E14: =SUM(E2:E13) -> 688.75
D16: Church Fen
D17: bridge repair | E17: 22.5
D18: herbicide spraying | E18: 85.67
D19: LNR signs | E19: 44
D20: plate compactor hire | E20: 63.11
A21: Total | B21: =SUM(B3:B20) -> 727.64 | D21: tree survey | E21: 137.5
A23: Tree Management | D23: Total | E23: =SUM(E17:E22) -> 352.78
A24: Church Lane lime tree | B24: 1290
A25: Beech tree inspection | B25: 75 | D25: Play Equipment
A26: allotment tree survey & work | B26: 487.5
D29: Total | E29: =SUM(E26:E28) -> 0
A31: Total | B31: =SUM(B24:B30) -> 1852.5 | D31: Total | E31: =E14+E29+E23+B21+B31 -> 3621.67
D32: Cremer's | E32: ='Cremer''s Meadow'!H34 -> 773.26
D33: Land Management Spending | E33: =SUM(E31:E32) -> 4394.93
D34: Budget | E34: 14880
D35: % of budget | E35: =E33/E34 -> 0.2953582
A36: Brundall Parish Allotments
A37: Expenditure | D37: Cemetery
A38: rent | B38: =Allotments!C4 -> 393.75 | D38: water | E38: =Cemetery!C5 -> 51.02
A39: water | B39: =Allotments!C5 -> 619.85 | D39: equipment | E39: =Cemetery!C6 -> 0
A40: equipment | B40: =Allotments!C6 -> 0 | D40: repairs | E40: =Cemetery!C7 -> 0
A41: repairs | B41: =Allotments!C7 -> 0 | D41: sundries | E41: =Cemetery!C8 -> 137.5
A42: sundries | B42: =Allotments!C8 -> 0 | D42: Total | E42: =SUM(E38:E41) -> 188.52
A43: cesspit | B43: =Allotments!C9 -> 0
A44: Total | B44: =SUM(B38:B43) -> 1013.6 | D44: Cemetery Income | E44: =-Cemetery!C12 -> -7568
A45: Income
A46: rent | B46: =-Allotments!C22 -> -65.31 | D46: Deficit / (Surplus) | E46: =E42+E44 -> -7379.48
A48: Deficit / (Surplus) | B48: =B44+B46 -> 948.29
A52: To note: Allotments and Cemetery are not included in the LM budget and capital expenditure is accounted for separately (see below)
A55: Capital/Reserves Expenditure:
A56: CP pond flood risk assessment | B56: pond EMR | D56: 1050
A57: CP car park resurfacing | B57: asset management | D57: 6688
A58: CF boardwalk repair | B58: asset management | D58: 1890.6
A59: CF boardwalk remove ends | B59: asset management | D59: 1250
B60: asset management
B61: asset management
B62: asset management
D64: =SUM(D56:D63) -> 10878.6
D65: =SUM(D68:D70)-D64 -> 0
C68: CP pond | D68: =D56 -> 1050
C69: Asset Mgmt reserve | D69: =D55+D58+D59+D57+D61+D60+D62 -> 9828.6
C70: Cremer's reserve | D70: =D63 -> 0
D72: =D64-D69-D70-D68 -> 0

Sheet Cremer's Meadow
B1: Cremer's Meadow 2025-26 Expenditure and Income | G1: ='Land Management'!B1 -> 46265
C3: Total | E3: NWT Grant | F3: Cables Donation | G3: Donation Other | H3: Precept Expenditure
B4: Balance b/f | E4: 74.74 | F4: 123.09 | G4: 434.55
B6: Insurance claim
B8: gloves | C8: 24.97 | H8: =C8 -> 24.97
B9: bolt cutter, hazard tape, wood | C9: 135.64 | H9: =C9 -> 135.64
B10: sweets for Welcome Day | C10: 9.56 | H10: =C10 -> 9.56
B11: shed repair | C11: 80.6 | H11: =C11 -> 80.6
B12: photos, wooden posts | C12: 61.2 | H12: =C12 -> 61.2
B13: Land Drainage consent for ditch work | C13: 100 | H13: =C13 -> 100
B14: drainage rates | C14: 26.29 | H14: =C14 -> 26.29
B15: tree risk assessment | C15: 335 | H15: =C15 -> 335
H16: =C16 -> 0
H17: =C17 -> 0
B34: Total | C34: =SUM(C5:C33) -> 773.26 | E34: =SUM(E5:E33) -> 0 | F34: =SUM(F5:F33) -> 0 | G34: =SUM(G5:G33) -> 0 | H34: =SUM(H5:H33) -> 773.26 | J34: =SUM(D34:H34)-C34 -> 0
B36: Balances remaining | E36: =E4-SUM(E5:E33) -> 74.74 | F36: =F4-SUM(F5:F33) -> 123.09 | G36: =G4-SUM(G5:G33) -> 434.55
B38: Insurance claim | G38: =G6+SUM(G10:G12)+G15 -> 0

Sheet Allotments
A1: Brundall Parish Allotments | D1: ='Land Management'!B1 -> 46265
A4: Expenditure | B4: rent | C4: =393.75 -> 393.75 | F4: Equipment
B5: water | C5: 619.85
B6: equipment | C6: =G9 -> 0
B7: repairs | C7: =G20 -> 0
B8: sundries | C8: =G25 -> 0
B9: cesspit | G9: =SUM(G5:G8) -> 0
B10: Total | C10: =SUM(C4:C9) -> 1013.6
F11: Repairs
A12: Income | B12: rent | C12: 65.31
B14: Deficit / (Surplus) | C14: =C12-C10 -> -948.29
G20: =SUM(G12:G18) -> 0
A21: EMR as at 1.4.26 | D21: 5274.39 | F21: Sundries
A22: Add: income | C22: =C12 -> 65.31
A23: Less: expenditure | C23: =-C10 -> -1013.6
A25: EMR Current Balance | D25: =D21+C22+C23 -> 4326.1 | G25: =SUM(G22:G24) -> 0

Sheet Cemetery
A1: Brundall Parish Cemetery | D1: ='Land Management'!B1 -> 46265
A4: Expenditure | F4: Equipment
B5: water | C5: =51.02 -> 51.02
B6: equipment | C6: =G9 -> 0
B7: repairs | C7: =G20 -> 0
B8: sundries | C8: =G25 -> 137.5
G9: =SUM(G5:G8) -> 0
B10: Total | C10: =SUM(C4:C9) -> 188.52
F11: Repairs
A12: Income | C12: 7568
B14: Deficit / (Surplus) | C14: =C12-C10 -> 7379.48
G20: =SUM(G12:G18) -> 0
A21: EMR as at 1.4.26 | D21: 15933.44 | F21: Sundries
A22: Add: income | C22: =C12 -> 7568 | F22: tree survey | G22: 137.5
A23: Less: expenditure | C23: =-C10 -> -188.52
A25: EMR Current Balance | D25: =D21+C22+C23 -> 23312.92 | G25: =SUM(G22:G24) -> 137.5
